ORI
UNIVERSITY OF CONNETICUT HUSKIES @ UNIVERSITY OF ALABAMA CRIMSON TIDE
08/09/2047
 
TOP OF THE 1ST
University of Conneticut Huskies batting - Pitching for University of Alabama Crimson Tide : RHP Marco Soto
Pitching: RHP Marco Soto
Batting: RHB Kyle Finney 0-0: Fly out, F8 (Flyball, 8LD, EV 88.1 MPH)
Batting: RHB Victor Nava 0-0: DOUBLE (Groundball, 3L, EV 101.2 MPH)
Batting: LHB Greg James 0-0: Ball
1-0: Called Strike
1-1: Fly out, F9 (Line Drive, 9LM, EV 100.6 MPH)
Batting: LHB Andrew Barzee 0-0: Called Strike
0-1: Ground out 6-3 (Groundball, 6, EV 106.2 MPH)
Top of the 1st over - 0 runs, 1 hit, 0 errors, 1 left on base; University of Conneticut 0 - University of Alabama 0
BOTTOM OF THE 1ST
University of Alabama Crimson Tide batting - Pitching for University of Conneticut Huskies : RHP Jose Rios
Pitching: RHP Jose Rios
Batting: LHB Danny Schultz 0-0: Ball
1-0: SOLO HOME RUN (Flyball, 9LD, EV 91.2 MPH), Distance : 346 ft
Batting: RHB Danny Rosario 0-0: Fly out, F8 (Flyball, 89S, EV 95.0 MPH)
Batting: RHB Matt Williams 0-0: Ball
1-0: SINGLE (Groundball, 56S, EV 69.4 MPH) (infield hit)
Batting: RHB Gustavo Delgado 0-0: Ball
1-0: Called Strike
1-1: Foul Ball, location: 2F
1-2: Fly out, F9 (Flyball, 9LM, EV 95.6 MPH)
Batting: RHB Juan Araiza 0-0: Fly out, F7 (Flyball, 7, EV 84.4 MPH)
Bottom of the 1st over - 1 run, 2 hits, 0 errors, 1 left on base; University of Conneticut 0 - University of Alabama 1
TOP OF THE 2ND
University of Conneticut Huskies batting - Pitching for University of Alabama Crimson Tide : RHP Marco Soto
Batting: RHB Roku Kawano 0-0: Single, Error in OF, E8, batter to second base (Groundball, 6MD, EV 105.6 MPH)
Batting: LHB Omar Alba 0-0: Fly out, F8 (Flyball, 8RD, EV 93.8 MPH)
Batting: RHB Jordan Nicholas 0-0: Ball
1-0: Swinging Strike
1-1: Swinging Strike
1-2: SINGLE (Groundball, 6D, EV 103.8 MPH)
Roku Kawano to third
Batting: RHB Cullen Elliott 0-0: Ball
Jordan Nicholas steals 2nd base
1-0: Called Strike
1-1: Swinging Strike
1-2: Ball
2-2: Fly out, F9 (Flyball, 9, EV 79.4 MPH)
Runner from 3rd tags up, SCORES, throw by RF
Batting: RHB Jack Vokey 0-0: Ball
1-0: Called Strike
1-1: Foul Ball, location: 2F
1-2: Ground out 6-3 (Groundball, 6, EV 91.2 MPH)
Top of the 2nd over - 1 run, 2 hits, 1 error, 1 left on base; University of Conneticut 1 - University of Alabama 1
BOTTOM OF THE 2ND
University of Alabama Crimson Tide batting - Pitching for University of Conneticut Huskies : RHP Jose Rios
Batting: RHB B.J. Clark 0-0: Ball
1-0: Ball
2-0: Swinging Strike
2-1: Ball
3-1: Base on Balls
Batting: RHB Hughie Withers 0-0: Called Strike
0-1: Ball
1-1: Ball
2-1: Fly out, F7 (Flyball, 78M, EV 91.9 MPH)
Batting: RHB Eric Kilmer 0-0: Called Strike
0-1: Ball
1-1: Foul Ball, location: 2F
1-2: Foul Ball, location: 2F
1-2: Strikes out swinging
Batting: LHB Robby Ramires 0-0: Called Strike
0-1: Called Strike
0-2: Strikes out swinging
Bottom of the 2nd over - 0 runs, 0 hits, 0 errors, 1 left on base; University of Conneticut 1 - University of Alabama 1
TOP OF THE 3RD
University of Conneticut Huskies batting - Pitching for University of Alabama Crimson Tide : RHP Marco Soto
Batting: RHB Kyle Finney 0-0: Called Strike
0-1: Ball
1-1: Swinging Strike
1-2: Ball
2-2: Foul Ball, location: 2F
2-2: Foul Ball, location: 2F
2-2: Fly out, F8 (Line Drive, 8RM, EV 86.9 MPH)
Batting: RHB Victor Nava 0-0: Called Strike
0-1: Ball
1-1: Swinging Strike
1-2: Ball
2-2: Foul Ball, location: 2F
2-2: Ball
3-2: Ground out U3 (Groundball, 3, EV 105.0 MPH)
Batting: LHB Greg James 0-0: Ground out U3 (Groundball, 3, EV 79.4 MPH)
Top of the 3rd over - 0 runs, 0 hits, 0 errors, 0 left on base; University of Conneticut 1 - University of Alabama 1
BOTTOM OF THE 3RD
University of Alabama Crimson Tide batting - Pitching for University of Conneticut Huskies : RHP Jose Rios
Batting: LHB Danny Schultz 0-0: Ground out 1-3 (Groundball, 34S, EV 68.8 MPH)
Batting: RHB Danny Rosario 0-0: Ball
1-0: Ball
2-0: Called Strike
2-1: Ground out 6-3 (Groundball, 6, EV 97.5 MPH)
Batting: RHB Matt Williams 0-0: SINGLE (Groundball, 56D, EV 95.0 MPH)
Batting: RHB Gustavo Delgado 0-0: DOUBLE (Line Drive, 5D, EV 95.0 MPH)
Matt Williams to third
Batting: RHB Juan Araiza 0-0: Foul Ball, location: 2F
0-1: Called Strike
0-2: Strikes out swinging
Bottom of the 3rd over - 0 runs, 2 hits, 0 errors, 2 left on base; University of Conneticut 1 - University of Alabama 1
TOP OF THE 4TH
University of Conneticut Huskies batting - Pitching for University of Alabama Crimson Tide : RHP Marco Soto
Batting: LHB Andrew Barzee 0-0: Swinging Strike
0-1: SINGLE (Groundball, 34D, EV 94.4 MPH)
Batting: RHB Roku Kawano 0-0: Ball
1-0: Ball
2-0: Ground out 4-3 (Groundball, 34S, EV 80.0 MPH)
Andrew Barzee to second
Batting: LHB Omar Alba 0-0: Foul Ball, location: 2F
0-1: SINGLE (Groundball, 4MD, EV 108.1 MPH)
Andrew Barzee to third
Runner from 3rd tries for Home, throw by CF and OUT! 8-2
Batting: RHB Jordan Nicholas 0-0: Called Strike
0-1: Called Strike
0-2: Ground out 4-3 (Groundball, 34, EV 93.1 MPH)
Top of the 4th over - 0 runs, 2 hits, 0 errors, 1 left on base; University of Conneticut 1 - University of Alabama 1
BOTTOM OF THE 4TH
University of Alabama Crimson Tide batting - Pitching for University of Conneticut Huskies : RHP Jose Rios
Batting: RHB B.J. Clark 0-0: Ball
1-0: Fly out, F9 (Flyball, 9D, EV 91.9 MPH)
Batting: RHB Hughie Withers 0-0: Foul Ball, location: 2F
0-1: Foul Ball, location: 2F
0-2: Ball
1-2: Ball
2-2: Foul Ball, location: 2F
2-2: Ball
3-2: Foul Ball, location: 2F
3-2: Foul Ball, location: 2F
3-2: Ground out 6-3 (Groundball, 6, EV 90.0 MPH)
Batting: RHB Eric Kilmer 0-0: Fly out, F7 (Flyball, 7LSF, EV 88.8 MPH)
Bottom of the 4th over - 0 runs, 0 hits, 0 errors, 0 left on base; University of Conneticut 1 - University of Alabama 1
TOP OF THE 5TH
University of Conneticut Huskies batting - Pitching for University of Alabama Crimson Tide : RHP Marco Soto
Now at 1B: Onorato Zacagnini
Now at 2B: Jong-your Lee
Now at 3B: Mike Bidwell
Now at SS: Platon Protopsaltis
Now in CF: Joe Blackwood
Batting: RHB Cullen Elliott 0-0: Ground out 4-3 (Groundball, 4, EV 87.5 MPH)
Batting: RHB Jack Vokey 0-0: Ball
1-0: Called Strike
1-1: Foul Ball, location: 2F
1-2: Ball
2-2: Fly out, F9 (Flyball, 9LSF, EV 88.8 MPH)
Batting: RHB Paul Pastrano 0-0: Ball
1-0: Ball
2-0: Ground out 6-3 (Groundball, P, EV 86.2 MPH)
Top of the 5th over - 0 runs, 0 hits, 0 errors, 0 left on base; University of Conneticut 1 - University of Alabama 1
BOTTOM OF THE 5TH
University of Alabama Crimson Tide batting - Pitching for University of Conneticut Huskies : RHP Jose Rios
Now in LF: Hector Acosta
Batting: LHB Robby Ramires 0-0: Fly out, F8 (Flyball, 89S, EV 90.6 MPH)
Batting: LHB Danny Schultz 0-0: Swinging Strike
0-1: Ball
1-1: Called Strike
1-2: SINGLE (Line Drive, 78S, EV 112.5 MPH)
Batting: LHB Platon Protopsaltis 0-0: Ball
Danny Schultz steals 2nd base
1-0: Ball
2-0: Ball
3-0: Called Strike
3-1: Fly out, F8 (Flyball, 8RD, EV 97.5 MPH)
Runner from 2nd tags up, OUT at 3rd! 8-5
Bottom of the 5th over - 0 runs, 1 hit, 0 errors, 0 left on base; University of Conneticut 1 - University of Alabama 1
TOP OF THE 6TH
University of Conneticut Huskies batting - Pitching for University of Alabama Crimson Tide : RHP Marco Soto
Pitching: LHP Alan Sullivan
Now at C: Larry Brown
Now in LF: Yu-shu Ni
Batting: LHB Hector Acosta 0-0: Foul Ball, location: 2F
0-1: Ball
1-1: Ball
2-1: SINGLE (Line Drive, 89S, EV 105.6 MPH)
Pinch Hitting: RHB Victor Ramos 0-0: Swinging Strike
0-1: Ball
1-1: Ball
2-1: Ball
3-1: Called Strike
3-2: Strikes out swinging
Pinch Hitting: RHB Charlie Slayback 0-0: Swinging Strike
0-1: Fly out, F8 (Flyball, 8RM, EV 92.5 MPH)
Pinch Hitting: SHB Miguel Perez 0-0: Called Strike
0-1: Ball
1-1: Swinging Strike
1-2: DOUBLE (Flyball, 9LM, EV 91.9 MPH)
Hector Acosta to third
Runner from 3rd tries for Home, SAFE, throw by RF to trailing runner, OUT at third! 9-3-5
Top of the 6th over - 1 run, 2 hits, 0 errors, 0 left on base; University of Conneticut 2 - University of Alabama 1
BOTTOM OF THE 6TH
University of Alabama Crimson Tide batting - Pitching for University of Conneticut Huskies : RHP Jose Rios
Pitching: RHP Tony de Anda
Now at C: Matthew Lanford
Now at 1B: Lee Wilbur
Now in RF: Victor Ramos
Pinch Hitting: LHB Dallas Shaw 0-0: Ball
1-0: Ground out 5-3 (Groundball, 56, EV 86.2 MPH)
Batting: RHB Fernando Reyes 0-0: Called Strike
0-1: Ball
1-1: Ground out 3-1 (Groundball, 34, EV 103.8 MPH)
Batting: LHB Joe Blackwood 0-0: Foul Ball, location: 2F
0-1: Foul Ball, location: 2F
0-2: Strikes out swinging
Bottom of the 6th over - 0 runs, 0 hits, 0 errors, 0 left on base; University of Conneticut 2 - University of Alabama 1
TOP OF THE 7TH
University of Conneticut Huskies batting - Pitching for University of Alabama Crimson Tide : LHP Alan Sullivan
Now at 1B: Eddie Corona
Batting: LHB Omar Alba 0-0: Ball
1-0: Ball
2-0: Called Strike
2-1: Ball
3-1: SINGLE (Groundball, 4S, EV 61.9 MPH) (infield hit)
Batting: RHB Jordan Nicholas 0-0: Fielders Choice at 2nd, 5-4 (Groundball, 56, EV 106.9 MPH)
Batting: RHB Cullen Elliott 0-0: Ball
1-0: Called Strike
Jordan Nicholas is caught stealing 2nd base 2-4
1-1: Called Strike
1-2: Fly out, F9 (Flyball, 89M, EV 90.6 MPH)
Top of the 7th over - 0 runs, 1 hit, 0 errors, 0 left on base; University of Conneticut 2 - University of Alabama 1
BOTTOM OF THE 7TH
University of Alabama Crimson Tide batting - Pitching for University of Conneticut Huskies : RHP Tony de Anda
Pitching: RHP Gabe Martinez
Pinch Hitting: LHB Adam Antico 0-0: Called Strike
0-1: Ball
1-1: Ball
2-1: Foul Ball, location: 2F
2-2: Foul Ball, location: 2F
2-2: Strikes out looking
Batting: SHB Mike Bidwell 0-0: Ball
1-0: Ball
2-0: Called Strike
2-1: Foul Ball, location: 2F
2-2: Foul Ball, location: 2F
2-2: Ground out U3 (Groundball, 3L, EV 110.0 MPH)
Batting: LHB Yu-shu Ni 0-0: Ground out 4-3 (Groundball, 4, EV 83.8 MPH)
Bottom of the 7th over - 0 runs, 0 hits, 0 errors, 0 left on base; University of Conneticut 2 - University of Alabama 1
TOP OF THE 8TH
University of Conneticut Huskies batting - Pitching for University of Alabama Crimson Tide : LHP Alan Sullivan
Pitching: LHP Don Rodgers
Now at 2B: Rodrik Gardner
Batting: RHB Jack Vokey 0-0: Ball
1-0: Ball
2-0: SOLO HOME RUN (Flyball, 78XD, EV 102.5 MPH), Distance : 435 ft
Batting: RHB Paul Pastrano 0-0: Ground out 6-3 (Groundball, 6, EV 85.0 MPH)
Batting: LHB Hector Acosta 0-0: SINGLE (Flyball, 78S, EV 96.9 MPH)
Batting: RHB Victor Ramos 0-0: Called Strike
0-1: Foul Ball, location: 2F
0-2: Fielders Choice at 2nd, 4-6 (Groundball, 4, EV 81.9 MPH)
Batting: RHB Lee Wilbur 0-0: Ball
Victor Ramos steals 2nd base
1-0: Ground out 6-3 (Groundball, 6, EV 101.2 MPH)
Top of the 8th over - 1 run, 2 hits, 0 errors, 1 left on base; University of Conneticut 3 - University of Alabama 1
BOTTOM OF THE 8TH
University of Alabama Crimson Tide batting - Pitching for University of Conneticut Huskies : RHP Gabe Martinez
Pinch Hitting: RHB John Hicken 0-0: Ball
1-0: Foul Ball, location: 2F
1-1: Swinging Strike
1-2: Ball
2-2: Strikes out swinging
Batting: RHB Larry Brown 0-0: Ball
1-0: Called Strike
1-1: Ball
2-1: Foul Ball, location: 2F
2-2: Strikes out looking
Batting: LHB Platon Protopsaltis 0-0: SINGLE (Line Drive, 8RS, EV 98.1 MPH)
Batting: LHB Eddie Corona
Pinch Hitting: LHB Matt Barkley 0-0: Called Strike
0-1: Ball
1-1: Ball
2-1: Foul Ball, location: 2F
2-2: Fly out, F9 (Line Drive, 9, EV 84.4 MPH)
Bottom of the 8th over - 0 runs, 1 hit, 0 errors, 1 left on base; University of Conneticut 3 - University of Alabama 1
TOP OF THE 9TH
University of Conneticut Huskies batting - Pitching for University of Alabama Crimson Tide : LHP Don Rodgers
Pitching: RHP Jose Benavidez
Now at 1B: Al Lara
Now in RF: John Hicken
Batting: RHB Matthew Lanford 0-0: Called Strike
0-1: Ball
1-1: Swinging Strike
1-2: Ball
2-2: Ball
3-2: Foul Ball, location: 2F
3-2: Strikes out swinging
Batting: LHB Omar Alba 0-0: Called Strike
0-1: Ball
1-1: Swinging Strike
1-2: Strikes out swinging
Batting: RHB Jordan Nicholas 0-0: Ball
1-0: Ball
2-0: Called Strike
2-1: Ground out 4-3 (Groundball, 4MS, EV 76.2 MPH)
Top of the 9th over - 0 runs, 0 hits, 0 errors, 0 left on base; University of Conneticut 3 - University of Alabama 1
BOTTOM OF THE 9TH
University of Alabama Crimson Tide batting - Pitching for University of Conneticut Huskies : RHP Gabe Martinez
Pitching: LHP Alex Membreno
Batting: RHB Fernando Reyes 0-0: Called Strike
0-1: Ball
1-1: Ground out 6-3 (Groundball, 6, EV 85.0 MPH)
Pinch Hitting: SHB Andrew Robison 0-0: Ground out 6-3 (Groundball, 6, EV 88.1 MPH)
Batting: RHB Rodrik Gardner 0-0: Ball
1-0: Foul Ball, location: 2F
1-1: Ball
2-1: Foul Ball, location: 2F
2-2: Strikes out swinging
Bottom of the 9th over - 0 runs, 0 hits, 0 errors, 0 left on base; University of Conneticut 3 - University of Alabama 1
Thursday, December 15th , 2022 - OOTP Baseball 23.9 Build 102